 Dungeon Crawl Stone Soup version 0.28.0-47-ge53b351184 (webtiles) character file.

Game seed: 11403386690765486160

14347 101zpm the Thaumaturge (level 12, -5/74 HPs)
             Began as a Djinni Fire Elementalist on Apr 29, 2022.
             Was a Believer of Makhleb.
             Killed by an exploding seven-headed hydra (15 damage)
             ... ignited by their inner flame
             ... on level 12 of the Dungeon on Apr 30, 2022.
             The game lasted 00:53:38 (11681 turns).

101zpm the Thaumaturge (Djinni Fire Elementalist)  Turns: 11681, Time: 00:53:40

Health: -5/74      AC:  5    Str:  7    XL:     12   Next: 44%
Gold:   688        EV: 16    Int: 31    God:    Makhleb [**....] SH:  0 Dex: 14

rFire   + + .      SeeInvis .   z - +7 mace of Generosity {pain, rPois rCorr Int+3}
rCold   x . .      Faith    .   (no shield)
rNeg    . . .      Spirit   .   H - +0 troll leather armour
rPois   ∞          Reflect  .   (no helmet)
rElec   .          Harm     .   w - +0 cloak
rCorr   +          Rampage  .   (no gloves)
Will    +....                   (boots unavailable)
Stlth   ++........              f - amulet of regeneration
HPRegen 1.82/turn               e - +4 ring of evasion
MPRegen 0.00/turn               E - +6 ring of intelligence

@: flying, slowed, very slow
A: sickness immunity, fire resistance 2, cold vulnerability 1, float, innate
caster, HP casting, extra vitality 1
a: Renounce Religion, Minor Destruction


You were on level 12 of the Dungeon.
You worshipped Makhleb.
Makhleb was pleased with you.
You visited 1 branch of the dungeon, and saw 12 of its levels.

You collected 688 gold pieces.

Inventory:

Hand Weapons
 l - a +3 dagger
 r - a +1 whip of flaming
 z - the +7 mace of Generosity (weapon) {pain, rPois rCorr Int+3}
   (You found it on level 9 of the Dungeon)

   In the hands of one skilled in necromantic magic, it inflicts extra damage on
   living creatures.
   Your inability to study Necromancy prevents you from drawing on the full
   power of this weapon.
   Int:       It affects your intelligence (+3).
   rPois:     It protects you from poison.
   rCorr:     It protects you from acid and corrosion.
Armour
 o - a +0 leather armour of willpower
 s - a +2 robe of willpower
 w - a +0 cloak (worn)
 H - a +0 troll leather armour (worn)
Magical Staves
 v - a staff of fire
Jewellery
 e - a +4 ring of evasion (left hand)
 f - an amulet of regeneration (around neck)
 E - a +6 ring of intelligence (right hand)
Wands
 p - a wand of polymorph (9)
 x - a wand of acid (18)
 y - a wand of paralysis (4)
 B - a wand of iceblast (5)
 C - a wand of charming (3)
Scrolls
 c - 2 scrolls of noise
 g - 3 scrolls of magic mapping
 h - 2 scrolls of immolation
 j - 4 scrolls of enchant weapon
 k - 2 scrolls of fog
 u - 2 scrolls of torment {unknown}
 F - a scroll of enchant armour {unknown}
 G - a scroll of teleportation {unknown}
 I - 2 scrolls of identify
Potions
 a - 2 potions of resistance {unknown}
 b - 5 potions of heal wounds {unknown}
 d - 2 potions of magic {unknown}
 i - 4 potions of might {unknown}
 m - 3 potions of degeneration {unknown}
 n - 3 potions of curing {unknown}
 q - 3 potions of flight {unknown}
 t - 3 potions of mutation {unknown}
 A - a potion of haste {unknown}
 D - 2 potions of lignification {unknown}


   Skills:
 + Level 1.8 Fighting
 + Level 0.6 Maces & Flails
 + Level 2.0 Armour
 + Level 4.1 Dodging
 + Level 4.1 Stealth
 + Level 14.2 Spellcasting


You had 14 spell levels left.
You knew the following spells:

 Your Spells              Type           Power      Damage    Failure   Level
a - Foxfire               Conj/Fire      100%       2x1d9     0%          1
b - Scorch                Fire           100%       2d10      0%          2
c - Conjure Flame         Conj/Fire      84%        6-21      1%          3
d - Inner Flame           Hex/Fire       84%        N/A       1%          3
e - Flame Wave            Conj/Fire      84%        2d15      1%          4
f - Animate Skeleton      Necr           100%       N/A       0%          1
g - Searing Ray           Conj           100%       2d8       0%          2
h - Blink                 Tloc           100%       N/A       0%          2
i - Stone Arrow           Conj/Erth      100%       3d13      1%          3
j - Iskenderun's Mystic   Conj/Tloc      84%        2d17      1%          4
Your spell library was empty.

Dungeon Overview and Level Annotations

Branches:
Dungeon (12/15)            Temple (0/1) D:4            Lair (0/6) D:8
    Orc: D:9-12

Altars:
Ashenzari
Dithmenos
Fedhas
Gozag
Makhleb
Sif Muna
Trog


Innate Abilities, Weirdness & Mutations

You are immune to sickness and miasma.
You are immune to poison.
Your flesh is very heat resistant. (rF++)
You are vulnerable to cold. (rC-)
You float through the air rather than walking.
You learn spells naturally, not from books.
Your magical power is your life essence.
You have superior vitality. (+4 MHP)


Message History

You blink.
The foxfire hits the seven-headed hydra!
Flame seeps out of the seven-headed hydra.
The seven-headed hydra is heavily wounded.
The foxfire hits the seven-headed hydra!
Flame seeps out of the seven-headed hydra.
The seven-headed hydra is heavily wounded.
The seven-headed hydra is engulfed in blazing flames.
Flame seeps out of the seven-headed hydra.
Casting: Foxfire (safe; 0% risk of failure)
Press: ? - help, Q - select action, (/) - cycle Dir - look around, f - activate You conjure some foxfire!
The foxfire hits the seven-headed hydra.
Flame seeps out of the seven-headed hydra.
The seven-headed hydra is severely wounded.
The foxfire hits the seven-headed hydra!
Flame seeps out of the seven-headed hydra.
The seven-headed hydra is severely wounded.
The seven-headed hydra is engulfed in blazing flames.
Flame seeps out of the seven-headed hydra.
Casting: Foxfire (safe; 0% risk of failure)
Press: ? - help, Q - select action, (/) - cycle Dir - look around, f - activate You conjure some foxfire!
The seven-headed hydra bites you!
* * * LOW HITPOINT WARNING * * *
The seven-headed hydra closely misses you.
The seven-headed hydra barely misses you.
The seven-headed hydra completely misses you.
The seven-headed hydra bites you!
* * * LOW HITPOINT WARNING * * *
The seven-headed hydra closely misses you.
The seven-headed hydra bites you.
* * * LOW HITPOINT WARNING * * *
The foxfire hits the seven-headed hydra!
Makhleb accepts your kill.
The seven-headed hydra explodes!
The fiery explosion engulfs your foxfire.
Your foxfire completely resists.
The fiery explosion engulfs you! You resist.
You die...

#..# #.######..# #..#
#.# #..#
######..####.######..##
......................
....................(
#.§$...............
#§.################
#v§# #§@# #....# ###...
..... ##..### #..# #..#
#..#


There were no monsters in sight!

Vanquished Creatures
  A hydra (D:12)
  2 two-headed ogres (D:11)
  Pikel (D:5)
  2 ugly things
  A cyclops (D:10)
  Maurice (D:9)
  2 gargoyles
  Maggie (D:8)
  Psyche (D:9)
  A kobold demonologist (D:11)
  2 trolls
  Prince Ribbit (D:9)
  3 slime creatures
  A wyvern (D:9)
  A wraith (D:12)
  21 yaks
  2 steam dragons
  A basilisk (D:11)
  5 vampire mosquitoes
  Menkaure (D:5)
  An acid dragon (D:12)
  2 water moccasins (D:8)
  An ice beast (D:7)
  3 orc warriors (D:8)
  A sky beast (D:7)
  7 black bears
  3 centaurs
  An ogre (D:7)
  4 lemures (D:5)
  3 kobold brigands
  6 bullfrogs
  2 scorpions
  A water moccasin skeleton (D:5)
  A howler monkey (D:4)
  3 lava snakes (D:8)
  4 centaur zombies
  3 hounds
  2 jellies
  6 orc priests
  A bullfrog skeleton (D:5)
  4 iguanas (D:5)
  7 orc wizards
  A killer bee zombie (D:9)
  4 howler monkey zombies
  12 adders
  A white imp (D:7)
  A dart slug (D:1)
  31 orcs
  6 ball pythons
  3 endoplasms
  3 giant cockroaches
  9 goblins
  6 hobgoblins
  3 jackals (D:4)
  A quokka (D:1)
  6 bats
  4 frilled lizards
  16 kobolds
  6 rats
230 creatures vanquished.

Vanquished Creatures (others)
  1283 foxfires
  32 fungi (D:8)
  38 plants (D:8)
1353 creatures vanquished.

Grand Total: 1583 creatures vanquished

Notes
Turn   | Place    | Note
-------+----------+-------------------------------------------
     0 | D:1      | 101zpm the Djinni Fire Elementalist began the quest for the
                  | Orb.
     0 | D:1      | Reached XP level 1. HP: 15/15 MP: 0/0
   204 | D:1      | Reached XP level 2. HP: 8/21 MP: 0/0
   786 | D:1      | Found a faded altar of an unknown god.
   855 | D:1      | Reached skill level 3 in Spellcasting
  1048 | D:1      | Reached XP level 3. HP: 23/25 MP: 0/0
  1048 | D:1      | Learned a level 1 spell: Animate Skeleton
  1719 | D:2      | Reached XP level 4. HP: 21/31 MP: 0/0
  2462 | D:3      | Noticed a scorpion
  2470 | D:3      | Killed a scorpion
  2471 | D:3      | Reached skill level 4 in Spellcasting
  2471 | D:3      | Reached XP level 5. HP: 33/35 MP: 0/0
  2471 | D:3      | Learned a level 2 spell: Searing Ray
  3532 | D:4      | Reached XP level 6. HP: 40/40 MP: 0/0
  3622 | D:4      | Found a shadowy altar of Dithmenos.
  3622 | D:4      | Found an opulent altar of Gozag.
  3622 | D:4      | Found a broken altar of Ashenzari.
  3813 | D:4      | Found a staircase to the Ecumenical Temple.
  3817 | D:4      | Reached skill level 5 in Spellcasting
  4086 | D:4      | Reached XP level 7. HP: 45/45 MP: 0/0
  4086 | D:4      | Learned a level 2 spell: Blink
  4548 | D:5      | Entered Level 5 of the Dungeon
  4649 | D:5      | Reached skill level 6 in Spellcasting
  4659 | D:5      | Noticed Menkaure
  4664 | D:5      | Killed Menkaure
  4665 | D:5      | Reached XP level 8. HP: 50/50 MP: 0/0
  4709 | D:5      | Noticed Pikel
  4715 | D:5      | Killed Pikel
  4716 | D:5      | Reached skill level 7 in Spellcasting
  4825 | D:5      | Found a blossoming altar of Fedhas.
  4984 | D:5      | Reached skill level 8 in Spellcasting
  5146 | D:5      | Reached XP level 9. HP: 54/55 MP: 0/0
  5146 | D:5      | Learned a level 3 spell: Stone Arrow
  5914 | D:7      | Reached skill level 9 in Spellcasting
  5995 | D:7      | Found a burning altar of Makhleb.
  6308 | D:7      | Became a worshipper of Makhleb the Destroyer
  6422 | D:9      | Reached skill level 1 in Fighting
  6424 | D:9      | Reached skill level 10 in Spellcasting
  6424 | D:9      | Reached XP level 10. HP: 33/62 MP: 0/0
  6520 | D:9      | Noticed Maurice
  6533 | D:9      | Killed Maurice
  6629 | D:9      | Noticed Prince Ribbit
  6639 | D:9      | Killed Prince Ribbit
  6720 | D:9      | Noticed Psyche
  6741 | D:9      | Killed Psyche
  6742 | D:9      | Reached skill level 11 in Spellcasting
  6950 | D:9      | Identified the +7 mace of Generosity {pain, rPois rCorr
                  | Int+3}
  7285 | D:10     | Entered Level 10 of the Dungeon
  7321 | D:10     | Noticed a gargoyle
  7339 | D:10     | Killed a gargoyle
  7428 | D:10     | Noticed a red ugly thing
  7726 | D:10     | Reached XP level 11. HP: 62/67 MP: 0/0
  7726 | D:10     | Learned a level 4 spell: Iskenderun's Mystic Blast
  7814 | D:10     | Reached * piety under Makhleb
  7826 | D:10     | Reached skill level 12 in Spellcasting
  8464 | D:11     | Noticed a cyclops
  8556 | D:11     | Noticed a two-headed ogre
  8801 | D:10     | Found a bloodstained altar of Trog.
 10619 | D:8      | Found a staircase to the Lair.
 10756 | D:8      | Noticed Maggie
 10769 | D:8      | Killed Maggie
 10908 | D:10     | Killed a cyclops
 10909 | D:10     | Reached skill level 13 in Spellcasting
 10981 | D:10     | Killed a red ugly thing
 11107 | D:11     | Reached ** piety under Makhleb
 11192 | D:11     | Noticed a two-headed ogre
 11198 | D:11     | Killed a two-headed ogre
 11199 | D:11     | Reached XP level 12. HP: 74/74 MP: 0/0
 11240 | D:11     | Killed a two-headed ogre
 11490 | D:12     | Reached skill level 1 in Armour
 11497 | D:12     | Reached skill level 14 in Spellcasting
 11674 | D:12     | Noticed a seven-headed hydra
 11681 | D:12     | Killed a seven-headed hydra
 11681 | D:12     | Killed by an exploding seven-headed hydra... ignited by
                  | their inner flame

Illustrated notes

Levels and vault maps discovered:
D:1:      scummos_arrival_gate, layout_rooms, basic_ecumenical_altar
D:2:      layout_rooms, serial_corexii_hall, chequers_hall_statues_wall_a,
          corexii_hall_statues_s, minmay_close_crescents
D:3:      layout_basic
D:4:      layout_gridville, gammafunk_temple_overflow_claw,
          minmay_temple_entry_sparse_star, minmay_statues_item, wad_orctagon
D:5:      layout_cave_pools, marbit_many_paths, mainiacjoe_overflow_paths,
          skrybe_limestone_x, kennysheep_path_1, serial_park_tiny_1,
          uniq_menkaure, uniq_pikel
D:6:      minmay_octagon_keep, layout_basic, solitary_fountain,
          minmay_fractal_squares_gapless_5
D:7:      layout_loops_ring, kennysheep_mini_moat, minmay_misc_feat_chi
D:8:      layout_basic, due_lair_maze_entry_diamond,
          nicolae_concentric_dashed_squares_wild, kennysheep_donut, uniq_maggie
D:9:      layout_loops_ring, uniq_maurice, uniq_prince_ribbit1, uniq_psyche
D:10:     layout_gridville, mainiacjoe_overflow_six_doors_small
D:11:     layout_rooms
D:12:     layout_small_grid, orc_0_dummy, special_room [special_room_bee],
          hangedman_decor_peaks_small, uniq_josephine, uniq_frances

Skill      XL: |  1  2  3  4  5  6  7  8  9 10 11 12 |
---------------+-------------------------------------+-----
Spellcasting   | 3 4 5 6 8 10 11 13 14 | 14.2
Stealth        | 2 3 4 |  4.1
Fighting       | 1 |  1.8
Dodging        | 3 4 |  4.1
Armour         | 2 |  2.0
Maces & Flails | |  0.6

Action                   |  1- 3 |  4- 6 |  7- 9 | 10-12 || total
-------------------------+-------+-------+-------+-------++-------
Melee: Mace              |       |       |       |     1 ||     1
 Cast: Foxfire           |    98 |   146 |   221 |   334 ||   799
       Conjure Flame     |       |     2 |    16 |    33 ||    51
       Scorch            |       |     4 |    34 |    50 ||    88
       Inner Flame       |       |       |     5 |    59 ||    64
       Stone Arrow       |       |       |     1 |    14 ||    15
       Searing Ray       |       |       |     1 |     1 ||     2
       Animate Skeleton  |       |       |       |     3 ||     3
       Flame Wave        |       |       |       |     3 ||     3
       Blink             |       |       |       |     1 ||     1
  Use: Scroll            |       |       |       |     5 ||     5
Armor: Robe              |       |     1 |     4 |     9 ||    14
       Troll leather arm |       |       |       |     2 ||     2
Dodge: Dodged            |     8 |     6 |    15 |    75 ||   104
